AoeStats
← VeX

Fortress

509734029Analyzed
2v2 RM · 4d ago on Sep 27, 2026· 48m 2s· 4 players
Game mode
Random Map
Map size
Normal (6 player)
Population
200
Speed
Normal
Resources
Standard
Victory
Conquest
Starting age
Dark Age
Ending age
Imperial Age
RankedLock teamsTeams togetherTeam positionsShared explorationLock speedFull tech treeHidden civsTurbo modeCheats
Victory
Defeat
🇪🇸 Franks · Spain
1130
+13
🇪🇸 Spanish · Spain
1129
+14
🇺🇸 Persians · United States
1096
-14
🇺🇸 Mapuche · United States
1054
-13
Antonio Banderas
7:25 Feudal Age
11:18 Castle Age
10:16 Double-Bit Axe
10:13 Horse Collar
20:00 Wheelbarrow
20:15 Bow Saw
21:38 Hand Cart
24:25 Imperial Age
21:43 Loom
22:22 Scale Barding Armor
23:26 Bloodlines
23:18 Husbandry
24:00 Gold Mining
24:08 Cavalier
26:29 Conscription
26:56 Chain Barding Armor
27:43 Forging
29:52 Plate Barding Armor
29:43 Savar
31:13 Heavy Plow
33:15 Stone Mining
35:12 Kamandaran
36:47 Hoardings
36:09 Fletching
36:19 Padded Archer Armor
36:03 Crossbowman
36:49 Thumb Ring
37:16 Bodkin Arrow
39:18 Chemistry
40:14 Masonry
42:07 Murder Holes
43:59 Padded Archer Armor
45:45 Citadels
46:49 Leather Archer Armor
46:46 Forging
John Microsoft
7:35 Feudal Age
9:19 Loom
12:31 Castle Age
13:15 Gold Mining
13:13 Double-Bit Axe
13:24 Stone Mining
21:36 Wheelbarrow
23:14 Hand Cart
28:04 Imperial Age
26:43 Fletching
26:54 Padded Archer Armor
28:56 Elite Bolas Rider
29:47 Butalmapu
29:49 Malon
30:16 Conscription
33:13 Bodkin Arrow
33:33 Leather Archer Armor
33:43 Bow Saw
33:16 Horse Collar
34:14 Gold Shaft Mining
34:19 Stone Shaft Mining
35:10 Chemistry
34:52 Ballistics
36:08 Heavy Plow
35:36 Elite Skirmisher
36:59 Ring Archer Armor
42:50 Elite Kona
xKuesT
7:52 Feudal Age
12:11 Castle Age
10:25 Double-Bit Axe
12:52 Horse Collar
14:37 Bow Saw
15:29 Wheelbarrow
19:58 Hand Cart
20:36 Loom
20:38 Town Watch
20:56 Padded Archer Armor
23:39 Town Patrol
24:04 Leather Archer Armor
25:44 Gold Mining
26:57 Heavy Plow
29:59 Imperial Age
28:10 Husbandry
30:52 Bloodlines
30:07 Elite Conquistador
31:11 Conscription
31:35 Ring Archer Armor
33:56 Chemistry
35:10 Stone Mining
35:15 Light Cavalry
37:20 Two-Man Saw
36:11 Hussar
37:04 Scale Barding Armor
37:10 Forging
38:01 Onager
42:34 Iron Casting
41:51 Fletching
42:41 Capped Ram
43:51 Caravan
45:44 Inquisition
46:06 Supremacy
45:23 Siege Ram
VeX
8:07 Feudal Age
12:04 Castle Age
9:53 Double-Bit Axe
13:49 Bow Saw
19:40 Wheelbarrow
20:01 Gold Mining
20:06 Stone Mining
20:13 Town Watch
20:22 Loom
21:13 Hand Cart
21:15 Husbandry
21:55 Town Patrol
22:57 Gold Shaft Mining
23:08 Scale Barding Armor
23:14 Forging
27:26 Imperial Age
27:43 Chain Barding Armor
27:59 Iron Casting
27:05 Pikeman
27:46 Squires
27:43 Cavalier
28:51 Scale Mail Armor
31:33 Plate Barding Armor
31:14 Chain Mail Armor
31:59 Blast Furnace
30:23 Paladin
30:43 Halberdier
32:42 Gambesons
32:44 Arson
33:50 Light Cavalry
35:16 Coinage
36:54 Caravan
48:15 Plate Mail Armor
Connection lost

Rejoining the realm…

Still unreachable

The connection could not be restored.

Session expired

The server has moved on; the page needs a fresh start.